 Dungeon Crawl Stone Soup version 0.19-a0-1907-gcff654f (webtiles) character file.

315 Lochraine the Archer (level 6, -2/48 HPs)
             Began as a Centaur Hunter on Oct 21, 2016.
             Was a Follower of Fedhas.
             Killed by divine providence
             ... invoked by an orc priest
              (9 damage)
             ... on level 5 of the Dungeon.
             The game lasted 00:10:01 (3121 turns).

Lochraine the Archer (Centaur Hunter)               Turns: 3121, Time: 00:10:03

Health: -2/48      AC:  6    Str: 14    XL:     6   Next: 20%
Magic:  6/6        EV:  9    Int: 10    God:    Fedhas [*.....]
Gold:   66         SH:  0    Dex: 12    Spells: 0 memorised, 5 levels left

rFire  . . .     SeeInvis .     a - +4 shortbow
rCold  . . .     Gourm    .     c - +0 leather armour
rNeg   . . .     Faith    .     (shield currently unavailable)
rPois  .         Spirit   .     (no helmet)
rElec  .         Reflect  .     (no cloak)
rCorr  .         Harm     .     (no gloves)
MR     .....                    (no barding)
Stlth  +.........               (no amulet)
                                (no ring)
                                q - +2 ring of protection

@: very quick
A: hooves 3, deformed body, speed 2, tough skin 3
a: Fungal Bloom, Evolution, Renounce Religion


You were on level 5 of the Dungeon.
You worshipped Fedhas.
Fedhas was aware of your devotion.
You were not hungry.

You visited 1 branch of the dungeon, and saw 5 of its levels.

You collected 116 gold pieces.
You spent 50 gold pieces at shops.

Inventory:

Hand Weapons
 a - a +4 shortbow (weapon)
 b - the +8 whip of Fatigue {slash, rElec rF+++ rC+++ Dex-4}
   (You found it on level 4 of the Dungeon)

   It inflicts extra damage upon your enemies.
   It affects your dexterity (-4).
   It renders you almost immune to fire.
   It renders you almost immune to cold.
   It insulates you from electricity.
 x - a +0 short sword
Missiles
 d - 48 arrows (quivered)
Armour
 c - a +0 leather armour (worn)
Jewellery
 q - a +2 ring of protection (left hand)
Scrolls
 h - 2 scrolls of teleportation {unknown}
 k - a scroll of identify {unknown}
 l - a scroll of amnesia
 n - a scroll of enchant armour {unknown}
 o - a scroll of random uselessness {unknown}
 p - a scroll of remove curse {unknown}
 t - a scroll of noise {unknown}
Potions
 e - a potion of cancellation
 j - a potion of flight {unknown}
 r - a potion of beneficial mutation {unknown}
 s - 2 potions of curing {unknown}
 u - a potion of cure mutation {unknown}
 w - 3 potions of heal wounds
 A - a potion of brilliance {unknown}
Comestibles
 f - 6 bread rations
 g - 2 slices of pizza
 i - 3 meat rations
 m - 2 beef jerkies
 v - 2 fruits
 z - a chunk of flesh


   Skills:
 + Level 2.2 Fighting
 + Level 9.8 Bows
 - Level 1.3 Dodging
 - Level 0.4 Stealth


You had 5 spell levels left.
You didn't know any spells.

Dungeon Overview and Level Annotations

Branches:
Dungeon (5/15)
 Temple: D:4-7

Altars:
Dithmenos
Fedhas
Hepliaklqana
Qazlal
Uskayaw
Xom
Zin

Shops:
D:4 !


Innate Abilities, Weirdness & Mutations

You have hooves in place of feet.
Armour fits poorly on your strangely shaped body.
You cover ground very quickly.
You have extremely tough skin. (AC +3)


Message History

You shoot an arrow.
The arrow closely misses the orc priest.
Firing (i - inventory):
d - 50 arrows (quivered)
Press: ? - help, Shift-Dir - straight line, f/p - orc priest
Aim: an orc priest, wielding a club (moderately wounded)
You shoot an arrow. The arrow hits the orc priest.
The orc priest is severely wounded.
The orc priest calls down the wrath of Beogh upon you.
Beogh smites you!
Firing (i - inventory):
d - 49 arrows (quivered)
Press: ? - help, Shift-Dir - straight line, f/p - orc priest
Aim: an orc priest, wielding a club (severely wounded)
You shoot an arrow. The arrow barely misses the orc priest.
The orc priest calls down the wrath of Beogh upon you.
Beogh smites you!
* * * LOW HITPOINT WARNING * * *
The orc priest invokes the aid of Beogh against you.
Beogh smites you!
You die...
Fedhas appreciates your contribution to the ecosystem.

#.# #.# #.# ##.###
#...! #..#
##.#####..######.###
...()(o[(?@.<.......
##.#####.###########
#.# #.# #.# #.# #.#
#.!


You could see an orc priest.

Vanquished Creatures
  An ogre (D:4)
  A hound (D:4)
  An iguana (D:4)
  A worker ant (D:3)
  7 adders
  2 dart slugs
  3 leopard geckos
  9 orcs
  6 bats
  3 giant cockroaches
  8 goblins
  6 hobgoblins
  9 jackals
  2 quokkas (D:4)
  2 ball pythons (D:2)
  4 frilled lizards
  7 kobolds
  7 rats
79 creatures vanquished.

Vanquished Creatures (others)
  5 toadstools
5 creatures vanquished.

Grand Total: 84 creatures vanquished

Notes
Turn   | Place    | Note
-------+----------+-------------------------------------------
     0 | D:1      | Lochraine the Centaur Hunter began the quest for the Orb.
     0 | D:1      | Reached XP level 1. HP: 17/17 MP: 1/1
   161 | D:1      | Reached XP level 2. HP: 22/24 MP: 2/2
   193 | D:1      | Reached skill level 6 in Bows
   852 | D:1      | Reached XP level 3. HP: 23/29 MP: 3/3
   946 | D:2      | Found a hazy altar of Hepliaklqana.
   977 | D:2      | Found a glowing silver altar of Zin.
   985 | D:2      | Noticed an angel
  1133 | D:2      | Reached skill level 7 in Bows
  1168 | D:2      | Found a blossoming altar of Fedhas.
  1174 | D:2      | Became a worshipper of Fedhas Madash
  1286 | D:2      | Found a shadowy altar of Dithmenos.
  1332 | D:2      | Found a shimmering altar of Xom.
  1370 | D:2      | Reached XP level 4. HP: 36/36 MP: 4/4
  1754 | D:3      | Reached skill level 8 in Bows
  1758 | D:3      | Found a shadowy altar of Dithmenos.
  1960 | D:3      | Found a stormy altar of Qazlal.
  2062 | D:4      | Reached * piety under Fedhas
  2068 | D:4      | Reached XP level 5. HP: 41/41 MP: 5/5
  2507 | D:4      | Noticed an ogre
  2507 | D:4      | Reached skill level 9 in Bows
  2516 | D:4      | Killed an ogre
  2516 | D:4      | Reached XP level 6. HP: 48/48 MP: 6/6
  2690 | D:4      | Found a hide-covered altar of Uskayaw.
  2784 | D:4      | Got a smoking whip
  2787 | D:4      | Identified the +8 whip of Fatigue {slash, rElec rF+++ rC+++ Dex-4} (You found it on level 4 of the Dungeon)
  2918 | D:4      | Found Bearchoso's Distillery.
  2936 | D:4      | Bought a potion of heal wounds for 50 gold pieces
  3101 | D:5      | Entered Level 5 of the Dungeon
  3121 | D:5      | Killed from afar by an orc priest

Vault maps used:
D:1:      erik_arrival_cave_to_civilisation
D:2:      grunt_temple_overflow_order_and_chaos_1,
          nicolae_overflow_hidden_temple, lemuel_coloured_pillars_altar,
          nicolae_overflow_crystal_walls, minivault_23, minmay_pentomino_r4
D:3:      lemuel_round_altar, first_bread,
          nicolae_dithmenos_through_a_glass_darkly
D:4:      eat_drink_and_be_merry_uskayaw, serial_shops, shop,
          grunt_decor_one_mirror
D:5:      serial_shops, kennysheep_mini

Skill      XL: |  1  2  3  4  5 |
---------------+----------------+-----
Bows           | 6 7 8 9 |  9.8
Fighting       | |  2.2
Dodging        | |  1.3
Stealth        | |  0.4

Action                   |  1- 3 |  4- 6 || total
-------------------------+-------+-------++-------
Melee: Short sword       |    81 |       ||    81
       Kick              |     8 |       ||     8
       Whip              |       |     7 ||     7
 Fire: Shortbow          |    40 |   124 ||   164
Invok: Fungal Bloom      |     1 |     2 ||     3
  Use: Potion            |     3 |       ||     3
       Scroll            |       |     4 ||     4
  Eat: Chunk             |     1 |     4 ||     5
Armor: Leather armour    |    33 |    15 ||    48
Dodge: Dodged            |    72 |    17 ||    89
